 Dungeon Crawl Stone Soup version 0.30.1-4-g462c640d31 (webtiles) character file.

Game seed: 10145628144871523864

143 growler the Trooper (level 5, 34/44 HPs)
             Began as a Demonspawn Gladiator on Aug 17, 2023.
             Quit the game on level 4 of the Dungeon.
             The game lasted 00:04:58 (1987 turns).

growler the Trooper (Demonspawn Gladiator)          Turns: 1987, Time: 00:04:58

Health: 34/44      AC: -4    Str: 14    XL:     5   Next: 4%
Magic:  5/5        EV: 12    Int: 11    God:
Gold:   177        SH:  0    Dex: 15    Spells: 4/4 levels left

rFire   . . .        a - +0 war axe
rCold   . . .        (no shield)
rNeg    . . .        b - +0 leather armour
rPois   +            c - +0 helmet
rElec   .            (no cloak)
rCorr   .            (no gloves)
SInv    .            (no boots)
Will    .....        (no amulet)
Stlth   +            g - ring of poison resistance
HPRegen 0.27/turn    (no ring)
MPRegen 0.09/turn

%: no passive effects
@: corroded
A: foul stench 1, spiny 2
a: no special abilities


You were on level 4 of the Dungeon.
You visited 1 branch of the dungeon, and saw 4 of its levels.

You collected 177 gold pieces.

Inventory:

Hand Weapons
 a - a +0 war axe (weapon)
Missiles
 d - 3 throwing nets (quivered)
 e - 5 javelins
Armour
 b - a +0 leather armour (worn)
 c - a +0 helmet (worn)
Jewellery
 g - a ring of poison resistance (left hand)
 j - a +6 ring of strength
 q - a +6 ring of dexterity
 r - a +6 ring of dexterity
 t - a ring of resist corrosion
 v - a +4 ring of slaying
Wands
 s - a wand of polymorph (8)
Scrolls
 f - 3 scrolls of enchant armour {unknown}
 k - a scroll of brand weapon {unknown}
 m - a scroll of enchant weapon {unknown}
 o - 4 scrolls of identify {unknown}
 p - a scroll of amnesia {unknown}
 w - a scroll of noise {unknown}
Potions
 h - a potion of brilliance {unknown}
 i - a potion of invisibility {unknown}
 l - a potion of curing {unknown}
 n - a potion of lignification {unknown}
 u - a potion of mutation {unknown}
 x - a potion of cancellation {unknown}


   Skills:
 + Level 5.3 Fighting
 - Level 2.6 Axes
 - Level 1.7 Throwing
 - Level 2.6 Dodging


You had 4 spell levels left.
You didn't know any spells.
Your spell library contained the following spells:

 Spells                   Type           Power      Damage    Failure   Level
 Summon Small Mammal      Summ           0%         N/A       41%         1
 Call Canine Familiar     Summ           0%         N/A       80%         3
 Summon Guardian Golem    Hex/Summ       0%         N/A       80%         3


Dungeon Overview and Level Annotations

Branches:
Dungeon (4/15)
 Temple: D:4-7

Altars:

Shops:
D:2 :

Annotations:
D:2 1 runed translucent door, Crazy Yiuf
D:3 2 transporters


Innate Abilities, Weirdness & Mutations

You may rarely emit foul miasma when damaged in melee.
You are mostly covered in sharp spines.


Message History

The iguana is struck by your spines. The iguana bites you!
You barely miss the iguana.
The iguana is almost dead.
The iguana barely misses you.
The iguana bites you but does no damage.
You closely miss the iguana.
The iguana is almost dead.
The iguana bites you.
An iguana is nearby!
You hit the iguana.
You kill the iguana!
Your Fighting skill increases to level 5!
No target in view!
You hear the slow rusting of a drain nearby.
You hear the slow rusting of a drain nearby.
HP restored.
You see here an iguana corpse.
Found an escape hatch in the floor.
A worm comes into view.
Found a short sword.
A worm is nearby!
A jelly comes into view.
The jelly quivers.
The worm is struck by your spines. The worm closely misses you.
You barely miss the worm.
The worm is moderately wounded.
The worm bites you.
You barely miss the worm.
The worm is moderately wounded.
You hit the jelly. The acid corrodes you!
Your hands burn!
The jelly is struck by your spines. The jelly closely misses you.
You hit the jelly. The acid corrodes you!
Your hands burn!
The jelly is severely wounded.
You hit the worm but do no damage. The jelly is struck by your spines.
You kill the jelly!
The worm is struck by your spines. The worm closely misses you.
You have reached level 5!
Your demonic ancestry asserts itself...
You begin to emit a foul stench of rot and decay.
Are you sure you want to abandon this character and quit the game? (Confirm with "yes".)

..............
..........?...
.............## #
..............###..#
......................
..............####....
.............†........
.............#.###.###
.......@..............
....).w......#.##..###
####..######.#....##
.... ###.#..########
..... #<.............
..... ###.#.........#
.... ...+..........
.... ..## #.........#
. #.........#


You could see a worm.

Vanquished Creatures
  A jelly (D:4)
  An iguana (D:4)
  5 adders
  2 ball pythons
  6 endoplasms
  A giant cockroach (D:1)
  4 goblins
  6 hobgoblins
  A jackal (D:2)
  5 kobolds
  A quokka (D:1)
  6 bats
  2 frilled lizards (D:1)
  5 rats
46 creatures vanquished.

Notes
Turn   | Place    | Note
-------+----------+-------------------------------------------
     0 | D:1      | growler the Demonspawn Gladiator began the quest for the
                  | Orb.
     0 | D:1      | Reached XP level 1. HP: 16/16 MP: 1/1
   117 | D:1      | Gained mutation: You are partially covered in sharp spines.
                  | [demonic ancestry]
   117 | D:1      | Reached XP level 2. HP: 14/23 MP: 2/2
   130 | D:1      | Reached skill level 3 in Fighting
   516 | D:2      | Reached XP level 3. HP: 25/29 MP: 3/3
   724 | D:2      | Reached skill level 4 in Fighting
   829 | D:2      | Found a runed translucent door.
   830 | D:2      | Noticed Crazy Yiuf
  1090 | D:2      | Found a transporter.
  1092 | D:2      | Found Qihicomo's Book Boutique.
  1223 | D:2      | Found a transporter.
  1376 | D:3      | Found a transporter.
  1417 | D:3      | Gained mutation: You are mostly covered in sharp spines.
                  | [demonic ancestry]
  1417 | D:3      | Reached XP level 4. HP: 36/38 MP: 4/4
  1490 | D:3      | Found a transporter.
  1919 | D:4      | Reached skill level 5 in Fighting
  1987 | D:4      | Gained mutation: You may rarely emit foul miasma when
                  | damaged in melee. [demonic ancestry]
  1987 | D:4      | Reached XP level 5. HP: 34/44 MP: 5/5
  1987 | D:4      | Quit the game

Illustrated notes

Levels and vault maps discovered:
D:1:      dpeg_arrival_radiant, layout_rooms, minmay_misc_feat_x,
          serial_park_tiny_2, minmay_octomino_e4
D:2:      layout_loops_ring, serial_shops, nicolae_shop_drivethru,
          serial_rivers, chequers_serial_rivers_marsh,
          chequers_serial_rivers_large_b, chequers_serial_rivers_micro_c,
          chequers_serial_rivers_micro_e, chequers_serial_rivers_room_b,
          basic_altar, minmay_distorted, uniq_crazy_yiuf_cottage
D:3:      gammafunk_wand_slinger, layout_loops_ring
D:4:      layout_basic, mainiacjoe_overflow_alcove_1, led_sif_pool,
          serial_shops, shop, gup_sewer_entry_bowl

Skill      XL: |  1  2  3  4 |
---------------+-------------+-----
Fighting       | 3 4 5 |  5.3
Axes           | |  2.6
Throwing       | |  1.7
Dodging        | |  2.6

Action                     |  1- 3 |  4- 6 || total
---------------------------+-------+-------++-------
  Melee: War axe           |    70 |    18 ||    88
   Stab: Distracted        |     1 |       ||     1
 Armour: Leather armour    |    35 |     5 ||    40
  Dodge: Dodged            |    47 |    10 ||    57
